 Dungeon Sprint DCSS version 0.21-a0-94-gdd6ab6a (webtiles) character file.

57 Kidiri the Sneak (level 3, 0/18 HPs)
             Began as a Spriggan Enchanter on July 1, 2017.
             Was a Priest of Dithmenos.
             Slain by a sky beast (6 damage)
             ... in the Dungeon (Sprint VII: "The Pits").
             The game lasted 00:03:19 (1035 turns).

Kidiri the Sneak (Spriggan Enchanter)               Turns: 1035, Time: 00:03:20

Health: 0/18       AC:  2    Str:  4    XL:     3   Next: 73%
Magic:  1/9        EV: 21    Int: 16    God:    Dithmenos [***...]
Gold:   0          SH:  0    Dex: 17    Spells: 1/10 levels left

rFire    . . .     SeeInvis +   a - +2 dagger (venom)
rCold    . . .     Gourm    .   (shield restricted)
rNeg     . . .     Faith    .   b - +0 robe
rPois    .         Spirit   .   (helmet restricted)
rElec    .         Reflect  .   (no cloak)
rCorr    .         Harm     .   (gloves unavailable)
MR       .....     NoTele   +   (boots unavailable)
Stlth    +++++.....             (no amulet)
HPRegen  0.06/turn              (no ring)
MPRegen  0.11/turn              (no ring)

@: very slightly contaminated, wreathed by umbra, very quick
A: unfitting armour, see invisible, herbivore 3, speed 3, slow metabolism 2
a: Shadow Step, Renounce Religion


You were in the Dungeon.
You worshipped Dithmenos.
Dithmenos was most pleased with you.
You were not hungry.

You visited 1 branch

Inventory:

Hand Weapons
 a - a +2 dagger of venom (weapon)
Armour
 b - a +0 robe (worn)
Scrolls
 j - a scroll of blinking
 l - 3 scrolls of remove curse
 m - 5 scrolls of amnesia
 n - a scroll of summoning
Potions
 e - 5 potions of curing
 f - 6 potions of heal wounds
 g - a potion of haste
 h - 3 potions of magic
 i - 3 potions of berserk rage
 k - 2 potions of invisibility
Books
 c - a book of Maledictions

   Spells                             Type                      Level
   a - Corona                         Hexes                        1
   b - Ensorcelled Hibernation        Hexes/Ice                    2
   c - Confuse                        Hexes                        3
   d - Tukima's Dance                 Hexes                        3
   e - Dazzling Spray                 Conjuration/Hexes            3
Comestibles
 d - 8 bread rations
 o - 40 fruits


   Skills:
 + Level 1.3 Fighting
 * Level 3.8 Short Blades
 + Level 1.4 Armour
 * Level 5.3 Dodging
 * Level 6.8 Stealth
 * Level 4.0 Spellcasting
 + Level 4.3 Hexes


You had one spell level left.
You knew the following spells:

 Your Spells              Type           Power        Failure   Level  Hunger
a - Corona                Hex            ###....      2%          1    None
b - Ensorcelled Hibernat  Hex/Ice        ##....       11%         2    ##.....
c - Confuse               Hex            ###.....     9%          3    ###....
d - Tukima's Dance        Hex            ###.....     9%          3    ###....


Dungeon Overview and Level Annotations

Branches:
Dungeon (1/1)

Altars:
Ashenzari
Cheibriados
Dithmenos
Elyvilon
Fedhas
Gozag
Hepliaklqana
Kikubaaqudgha
Makhleb
Nemelex Xobeh
Okawaru
Qazlal
Ru
Sif Muna
Trog
Uskayaw
Vehumet
Wu Jian
Xom
Yredelemnul
Zin
The Shining One
Beogh
Jiyva
Lugonu


Innate Abilities, Weirdness & Mutations

You are very small and have problems with some larger weapons.
You are too small for most types of armour.
You have supernaturally acute eyesight. (SInv)
You are a herbivore.
You cover ground extremely quickly.
You need consume almost no food.


Message History

Aim: an orc warrior, wielding a halberd and wearing a chain mail (lightly wounded, umbra, chance to defeat MR: 48%)
The orc warrior resists with some effort.
The sky beast flickers out of sight for a moment.
The orc warrior misses you.
Casting: Confuse
Confirm with . or Enter, or press ? or * to list all spells.
Aiming: Confuse
Press: ? - help, Shift-Dir - straight line, f - sky beast, p - orc warrior
Aim: a sky beast (slightly transparent, umbra, chance to defeat MR: 48%)
The sky beast resists with some effort.
The sky beast misses you. The orc warrior misses you.
Unknown command.
Casting: Confuse
Confirm with . or Enter, or press ? or * to list all spells.
Aiming: Ensorcelled Hibernation
Press: ? - help, Shift-Dir - straight line, f - orc warrior, p - sky beast
Aim: an orc warrior, wielding a halberd and wearing a chain mail (lightly wounded, umbra, chance to defeat MR: 41%)
The orc warrior resists with some effort.
The sky beast hits you. The sky beast shocks you.
You die...

######### _______.#
_______.#
_____...###########++# #
#######+##..............
(.+)))+.##......#..#....
#######.##..............
.........')≈..oY@.......
####'#####......#..#....
....÷#..##............ .
.....#))#####+#####++##
##+###))##.......#
.....#))##.......#
.....#[[##.......#
###+##+###...<...#
.....%..##.......#


You could see an orc warrior and a sky beast (invisible).

Vanquished Creatures
  A worker ant (D)
  A river rat (D)
  An ooze (D)
  3 orcs (D)
  A ball python (D)
  2 bat skeletons (D)
  A giant cockroach (D)
  3 jackals (D)
  A quokka (D)
  A rat (D)
15 creatures vanquished.

Notes
Turn   | Place    | Note
-------+----------+-------------------------------------------
     0 | D        | Kidiri the Spriggan Enchanter began the quest for the Orb.
     0 | D        | Reached XP level 1. HP: 9/9 MP: 5/5
    51 | D        | Found a bloodstained altar of Trog.
    51 | D        | Found a deep blue altar of Sif Muna.
    51 | D        | Found a viscous altar of Jiyva.
    51 | D        | Found a hazy altar of Hepliaklqana.
    51 | D        | Found an opulent altar of Gozag.
    52 | D        | Found a glowing golden altar of the Shining One.
    52 | D        | Found a glowing silver altar of Zin.
    52 | D        | Found a basalt altar of Yredelemnul.
    52 | D        | Found a shimmering altar of Xom.
    52 | D        | Found an ornate altar of the Wu Jian Council.
    52 | D        | Found a sacrificial altar of Ru.
    52 | D        | Found a stormy altar of Qazlal.
    52 | D        | Found an iron altar of Okawaru.
    52 | D        | Found a sparkling altar of Nemelex Xobeh.
    52 | D        | Found a burning altar of Makhleb.
    52 | D        | Found a blossoming altar of Fedhas.
    52 | D        | Found a white marble altar of Elyvilon.
    52 | D        | Found a shadowy altar of Dithmenos.
    52 | D        | Found a snail-covered altar of Cheibriados.
    54 | D        | Found a radiant altar of Vehumet.
    54 | D        | Found a corrupted altar of Lugonu.
    54 | D        | Found a roughly hewn altar of Beogh.
    55 | D        | Found a hide-covered altar of Uskayaw.
    55 | D        | Found an ancient bone altar of Kikubaaqudgha.
    55 | D        | Found a shattered altar of Ashenzari.
    62 | D        | Became a worshipper of Dithmenos the Shadowed
   133 | D        | Reached skill level 5 in Stealth
   355 | D        | Noticed a worker ant
   374 | D        | Reached * piety under Dithmenos
   375 | D        | Reached XP level 2. HP: 13/14 MP: 6/6
   397 | D        | Learned a level 2 spell: Ensorcelled Hibernation
   406 | D        | Reached skill level 1 in Fighting
   406 | D        | Reached skill level 1 in Armour
   406 | D        | Reached skill level 6 in Stealth
   406 | D        | Reached XP level 3. HP: 18/18 MP: 2/9
   478 | D        | Learned a level 3 spell: Confuse
   482 | D        | Learned a level 3 spell: Tukima's Dance
   501 | D        | Reached ** piety under Dithmenos
   856 | D        | Noticed a water moccasin
   857 | D        | Noticed a bullfrog
   858 | D        | Noticed a sky beast
   859 | D        | Reached *** piety under Dithmenos
   859 | D        | Reached skill level 5 in Dodging
   861 | D        | Noticed an orc warrior
  1035 | D        | Slain by a sky beast

Vault maps used:
D:        pitsprint

Skill      XL: |  1  2  3 |
---------------+----------+-----
Short Blades   | 2 3 |  3.8
Stealth        | 5 6 |  6.8
Fighting       | 1 |  1.3
Armour         | 1 |  1.4
Dodging        | 4 5 |  5.3
Spellcasting   | 3 4 |  4.0
Hexes          | 4 |  4.3

Action                   || total
-------------------------++-------
Melee: Dagger            ||    60
 Cast: Ensorcelled Hiber ||    10
       Confuse           ||    10
  Use: Potion            ||     2
 Stab: Sleeping          ||     4
       Confused          ||     3
Armor: Robe              ||     7
Dodge: Dodged            ||    72
